 Dungeon Crawl Stone Soup version 0.20-a0-997-g5e58985 (webtiles) character file.

17179 JeffiDaFish the Blocker (level 12, -21/112 HPs)
             Began as a Gargoyle Fighter on Apr 11, 2017.
             Was a High Priest of Okawaru.
             Killed from afar by a fire dragon (42 damage)
             ... with a blast of flame
             ... in a volcano.
             The game lasted 00:35:29 (11178 turns).

JeffiDaFish the Blocker (Gargoyle Fighter)         Turns: 11178, Time: 00:35:30

Health: -21/112    AC: 31    Str: 26    XL:     12   Next: 45%
Magic:  12/12      EV:  8    Int:  9    God:    Okawaru [*****.]
Gold:   916        SH: 20    Dex: 17    Spells: 11/11 levels left

rFire    . . .     SeeInvis .   q - +2 flail (crush)
rCold    . . .     Gourm    .   c - +0 shield
rNeg     + . .     Faith    .   i - +1 plate armour
rPois    ∞         Spirit   .   m - +0 helmet
rElec    +         Reflect  +   p - +0 cloak
rCorr    .         Harm     .   o - +1 pair of gloves
MR       .....                  r - +1 pair of boots
Stlth    ..........             j - +6 amulet of reflection
Regen    0.7/turn               (no ring)
MPRegen  0.2/turn               (no ring)

@: berserking (expiring), very quick
A: agile 2, negative energy resistance 1, regeneration 1, electricity
resistance, unbreathing, petrification resistance, rot immunity, AC +8
a: Heroism, Finesse, Renounce Religion


You were in a volcano.
You worshipped Okawaru.
Okawaru was extremely pleased with you.
You were very hungry.

You visited 3 branches of the dungeon, and saw 13 of its levels.
You also visited: Volcano.

You collected 916 gold pieces.

Inventory:

Hand Weapons
 q - a +2 flail of crushing (weapon)
Armour
 c - a +0 shield (worn)
 e - a scarf of repulsion
 i - a +1 plate armour (worn)
 m - a +0 helmet (worn)
 o - a +1 pair of gloves (worn)
 p - a +0 cloak (worn)
 r - a +1 pair of boots (worn)
Jewellery
 j - a +6 amulet of reflection (around neck)
Scrolls
 b - 8 scrolls of identify
 k - 5 scrolls of teleportation
 t - 7 scrolls of remove curse
 y - 2 scrolls of magic mapping
Potions
 a - 2 potions of brilliance
 d - 6 potions of might
 l - 2 potions of flight
 s - a potion of ambrosia
 v - a potion of haste
Books
 w - a book of Misfortune

   Spells                             Type                      Level
   a - Confusing Touch                Hexes                        1
   b - Confuse                        Hexes                        3
   c - Gell's Gravitas                Translocation                3
   d - Petrify                        Transmutation/Earth          4
   e - Metabolic Englaciation         Hexes/Ice                    5
   f - Yara's Violent Unravelling     Hexes/Transmutation          5
Comestibles
 f - 10 bread rations
 g - 14 royal jellies
 h - 4 meat rations
 n - 14 fruits


   Skills:
 + Level 8.9 Fighting
   Level 0.5 Long Blades
 + Level 12.5 Maces & Flails
 + Level 8.4 Armour
 + Level 1.7 Dodging
 + Level 0.8 Stealth
 + Level 12.7 Shields


You had 11 spell levels left.
You didn't know any spells.

Dungeon Overview and Level Annotations

Branches:
Dungeon (11/15)            Temple (1/1) D:7            Lair (1/6) D:11
    Orc (0/2) D:10

Altars:
Ashenzari
Cheibriados
Dithmenos
Elyvilon
Fedhas
Gozag
Hepliaklqana
Kikubaaqudgha
Makhleb
Nemelex Xobeh
Okawaru
Qazlal
Ru
Sif Muna
Trog
Uskayaw
Vehumet
Wu Jian
Xom
Yredelemnul
Zin
The Shining One


Innate Abilities, Weirdness & Mutations

You are resistant to torment.
Your stone body is resilient. (AC +8)
You are immune to poison.
You resist negative energy. (rN+)
You are resistant to electric shocks. (rElec)
You can survive without breathing.
You are immune to petrification.
You are immune to rotting.
You are very agile. (Dex +4)
Your natural rate of healing is unusually fast.


Message History

You block the hell hog's attack.
You are too berserk!
You sock the hell hog!
The hell hog is almost dead.
You block the hell hog's attack.
You hit the hell hog.
The hell hog is almost dead.
You bludgeon the hell hog!!
You kill the hell hog!
Okawaru accepts your kill.
You thump the hell hound!
The hell hound is heavily wounded.
The hell hound breathes flames at you. The blast of flame misses you.
Your plate armour prevents you from hitting the hell hound.
The hell hound is heavily wounded.
The fire dragon breathes flames at you.
The blast of flame hits the hell hound.
The hell hound completely resists.
The blast of flame hits you!
You die...

#..≈≈≈≈≈≈≈≈§≈§≈≈≈≈....
##..≈≈≈≈≈≈≈≈≈§§§≈....#
##..§≈≈≈≈≈§§≈§§§....#
#....≈≈≈≈§≈≈§≈..####
#......§≈§§≈....#
##.....§≈§≈≈...##
#...#...§≈...##
#8.8##......##
##@#####...## #h#
#..## #D# #### #.hD#
#..∩..# #..###..# #..#
#.D# #..# #..# ...#
#...


You could see a fire dragon, a steam dragon and 2 hell hounds.

Vanquished Creatures
  Erolcha (D:10)
  2 hydras (D:11)
  A hell hog (Volcano)
  An unseen horror (D:10)
  Pikel (D:7)
  A manticore (D:11)
  A black mamba (Lair:1)
  A gargoyle (D:11)
  A spiny frog (Lair:1)
  The ghost of Akrius the Caller, a novice DESu of Sif Muna (D:5)
  2 trolls (D:10)
  The ghost of HeyBub the Slasher, an amateur BuAK of Lugonu (D:4)
  A queen bee (D:10)
  A harpy skeleton (D:11)
  A shadow (D:11)
  A wraith (D:10)
  A wyvern (D:11)
  8 fire bats (Volcano)
  Grum (D:9)
  A steam dragon (Volcano)
  5 yaks (D:10)
  A hungry ghost (D:8)
  A water moccasin (D:10)
  A swamp drake (D:10)
  2 ice beasts
  19 orc warriors
  3 sky beasts
  A slave (D:7)
  A phantom (D:8)
  3 centaurs
  An eye of draining (D:9)
  13 ogres
  2 wolves (D:9)
  A crocodile (D:9)
  A big kobold (D:9)
  6 bullfrogs
  3 scorpions
  19 killer bees
  3 howler monkeys (D:7)
  5 lava snakes (Volcano)
  6 crimson imps
  A centaur zombie (D:11)
  13 orc priests
  4 hounds
  11 orc wizards
  3 centaur skeletons
  2 gnoll shamans (D:7)
  2 jellies
  3 bullfrog skeletons
  Ijyb (D:2)
  2 iguanas
  8 worker ants
  A hound zombie (D:8)
  A hound skeleton (D:11)
  A worker ant zombie (D:6)
  13 gnolls
  A howler monkey zombie (D:6)
  12 adders
  3 shadow imps
  An adder skeleton (D:4)
  2 dart slugs (D:2)
  8 leopard geckos
  65 orcs
  6 bats
  7 giant cockroaches
  13 goblins
  7 hobgoblins
  19 jackals
  7 quokkas
  3 ball pythons
  7 frilled lizards
  14 kobolds
  A leopard gecko skeleton (D:5)
  A quokka skeleton (D:6)
  2 quokka zombies
  3 rats
  2 fungi (D:7)
  2 plants
378 creatures vanquished.

Vanquished Creatures (others)
  2 slaves (D:7)
  An ogre (D:7)
  4 centaurs (D:11)
  2 gnolls (D:7)
  An orc (D:7)
  A fungus (D:7)
  A plant (D:7)
12 creatures vanquished.

Grand Total: 390 creatures vanquished

Notes
Turn   | Place    | Note
-------+----------+-------------------------------------------
     0 | D:1      | JeffiDaFish the Gargoyle Fighter began the quest for the Orb.
     0 | D:1      | Reached XP level 1. HP: 14/14 MP: 1/1
   115 | D:1      | Reached XP level 2. HP: 19/19 MP: 2/2
   673 | D:1      | Reached XP level 3. HP: 23/23 MP: 3/3
   868 | D:2      | Noticed Ijyb
   881 | D:2      | Killed Ijyb
   881 | D:2      | Reached XP level 4. HP: 21/29 MP: 4/4
   912 | D:2      | Gained mutation: You are agile. (Dex +2) [potion of mutation]
   912 | D:2      | Gained mutation: You are very agile. (Dex +4) [potion of mutation]
   912 | D:2      | Gained mutation: Your natural rate of healing is unusually fast. [potion of mutation]
  1303 | D:2      | Reached XP level 5. HP: 33/33 MP: 5/5
  2281 | D:3      | Found a sparkling altar of Nemelex Xobeh.
  2461 | D:3      | Found a sparkling altar of Nemelex Xobeh.
  2676 | D:4      | Reached XP level 6. HP: 38/38 MP: 6/6
  2718 | D:4      | Noticed HeyBub's ghost (amateur BuAK)
  2723 | D:4      | Reached skill level 5 in Shields
  2753 | D:4      | Killed HeyBub's ghost
  2753 | D:4      | Reached XP level 7. HP: 43/43 MP: 7/7
  3100 | D:4      | Reached skill level 5 in Maces & Flails
  3366 | D:5      | Entered Level 5 of the Dungeon
  3466 | D:5      | Noticed Akrius's ghost (novice DESu)
  3480 | D:5      | Killed Akrius's ghost
  3549 | D:5      | Reached XP level 8. HP: 47/48 MP: 8/8
  3944 | D:5      | Found a hazy altar of Hepliaklqana.
  4414 | D:6      | Reached skill level 5 in Fighting
  4414 | D:6      | Reached skill level 5 in Armour
  4424 | D:6      | Found a snail-covered altar of Cheibriados.
  4524 | D:6      | Found a burning altar of Makhleb.
  4524 | D:6      | Found a glowing silver altar of Zin.
  4525 | D:6      | Noticed an angel
  4525 | D:6      | Noticed a green death
  4848 | D:7      | Found a staircase to the Ecumenical Temple.
  4861 | D:7      | Got a crystal falchion
  4862 | D:7      | Identified the cursed +3 falchion of Qiuhamm {drain, rF+ Str+4 Stlth+} (You found it on level 7 of the Dungeon)
  4910 | D:7      | Found a shimmering altar of Xom.
  4957 | Temple   | Entered the Ecumenical Temple
  5195 | D:7      | Reached XP level 9. HP: 36/54 MP: 9/9
  5208 | D:7      | Noticed Pikel
  5239 | D:7      | Killed Pikel
  5239 | D:7      | Reached skill level 1 in Dodging
  5912 | D:7      | Reached XP level 10. HP: 60/60 MP: 10/10
  6060 | D:7      | Found an iron altar of Okawaru.
  6063 | D:7      | Became a worshipper of Warmaster Okawaru
  7041 | D:8      | Reached * piety under Okawaru
  7175 | D:9      | Noticed Grum
  7187 | D:9      | Killed Grum
  7187 | D:9      | Reached skill level 10 in Shields
  7847 | D:9      | Reached ** piety under Okawaru
  7945 | D:9      | Found a bloodstained altar of Trog.
  7945 | D:9      | Found a stormy altar of Qazlal.
  7945 | D:9      | Found an opulent altar of Gozag.
  7945 | D:9      | Found a shadowy altar of Dithmenos.
  7959 | D:9      | Found a hide-covered altar of Uskayaw.
  7959 | D:9      | Found a deep blue altar of Sif Muna.
  7973 | D:9      | Got a translucent whip
  7974 | D:9      | Identified the +2 whip of Symmetry {slash, Str+2} (You found it on level 9 of the Dungeon)
  8020 | D:10     | Entered Level 10 of the Dungeon
  8085 | D:10     | Killed an unseen horror
  8085 | D:10     | Reached skill level 10 in Maces & Flails
  8146 | D:10     | Found a staircase to the Orcish Mines.
  8403 | D:10     | Reached *** piety under Okawaru
  8403 | D:10     | Reached XP level 11. HP: 67/67 MP: 11/11
  8455 | D:10     | Noticed Erolcha
  8530 | D:10     | Killed Erolcha
  8652 | D:10     | Reached **** piety under Okawaru
  9734 | D:11     | Found a staircase to the Lair.
  9739 | D:11     | Noticed a seven-headed hydra
  9746 | D:11     | Noticed a manticore
  9749 | D:11     | Killed a seven-headed hydra
  9749 | D:11     | Reached ***** piety under Okawaru
  9774 | D:11     | Killed a manticore
 10004 | D:11     | Found an ornate altar of the Wu Jian Council.
 10052 | D:11     | Found a basalt altar of Yredelemnul.
 10299 | D:11     | Reached XP level 12. HP: 32/75 MP: 12/12
 10774 | D:11     | Noticed a five-headed hydra
 10786 | D:11     | Killed a five-headed hydra
 10809 | Lair:1   | Entered Level 1 of the Lair of Beasts
 10857 | Lair:1   | Found a dark tunnel.
 10867 | Volcano  | Entered a volcano
 11157 | Volcano  | Received a gift from Okawaru
 11158 | Volcano  | Noticed a hell hog
 11160 | Volcano  | Noticed a fire dragon
 11176 | Volcano  | Killed a hell hog
 11178 | Volcano  | Killed from afar by a fire dragon

Vault maps used:
D:1:      roderic_dead_forest
D:2:      kennysheep_goblin_castle, serial_bayou_pond_c
D:3:      old_standard_altar, first_bread, nemelex_lonely_heart_becter
D:5:      kennysheep_little_box
D:6:      grunt_temple_overflow_order_and_chaos_2, lemuel_round_altar
D:7:      kennysheep_seaside_town, kennysheep_mini_moat, xom_butterflies,
          minmay_temple_entry_purple_smoke, uniq_pikel
D:9:      minmay_overflow_temple_hex, uniq_grum
D:10:     erik_orc_1, david_nohive_1, uniq_erolcha
D:11:     lair_entry_dummy, special_room, basic_altar, lemuel_centaur_altar
Temple:   jpeg_temple_island
Lair:1:   nicolae_volcano_entry_lava_flow
Volcano:  volcano_grotto

Skill      XL: |  1  2  3  4  5  6  7  8  9 10 11 12 |
---------------+-------------------------------------+-----
Shields        | 4 5 7 8 9 10 12 | 12.7
Maces & Flails | 3 4 5 7 8 10 11 12 | 12.5
Armour         | 4 5 6 7 8 |  8.4
Fighting       | 4 5 7 8 |  8.9
Dodging        | 1 |  1.7
Long Blades    | |  0.5
Stealth        | |  0.8

Action                   |  1- 3 |  4- 6 |  7- 9 | 10-12 || total
-------------------------+-------+-------+-------+-------++-------
Melee: Flail             |   101 |   232 |   390 |   911 ||  1634
       Falchion          |       |       |    12 |       ||    12
  Use: Scroll            |     5 |     4 |     5 |     4 ||    18
       Potion            |     2 |     3 |     5 |     4 ||    14
  Eat: Chunk             |       |     6 |    12 |    19 ||    37
Armor: Scale mail        |    22 |       |       |       ||    22
       Plate armour      |    67 |   138 |   218 |   403 ||   826
Dodge: Dodged            |    24 |    30 |    55 |   111 ||   220
Block: Shield            |    69 |   190 |   349 |   806 ||  1414
       Reflection        |       |       |     1 |    39 ||    40
